[ AOE2 MATCH · #505834735 ]
UnrankedShu vs Wu
Player's team · LOSS
Rival team · WIN
[ REPLAY ANALYSIS · EXTRACTED FROM THE RECORDED GAME ]
Feudal
10:00
Castle
17:10
Imperial
—
| APM avg | 35.8 |
| APM peak | 68 |
| eAPM avg | 19.5 |
| Villagers / military | 59 / 1 |
Focus
⚔️ 28.5% · 🌾 71.5%
Unknown (1962) ×8 · Monk ×1
Feudal
13:28
Castle
19:20
Imperial
—
| APM avg | 39.1 |
| APM peak | 86 |
| eAPM avg | 16.0 |
| Villagers / military | 50 / 6 |
Focus
⚔️ 28.5% · 🌾 71.5%
Unknown (1974) ×28 · Militia ×5 · Mangonel ×1
Match map
Initial resources + every placement click. Lines = walls · curves = elevation contours. ◆ gold · ⬟ stone · ● berries · ✦ relic · ◌ wall gap
Your base· Open — unwalled flank
SaintedByArmor's base· Open — 4t gap
Smoothed initial terrain · ◌ = detected wall gap · hover for details
Inputs per minute
— Axolotl-Flöten-Beschwörer - - SaintedByArmor
Build order — Axolotl-Flöten-Beschwörer
133 actions detected in the replay
| 0:00 | Create | Villager (Male) |
| 0:02 | Build | House |
| 0:02 | Build | House |
| 0:15 | Create | Villager (Male) |
| 0:15 | Create | Villager (Male) |
| 0:17 | Create | Villager (Male) |
| 0:17 | Create | Villager (Male) |
| 1:38 | Create | Villager (Male) |
| 1:38 | Create | Villager (Male) |
| 1:59 | Build | Lumber Camp |
| 2:17 | Create | Villager (Male) |
| 2:17 | Create | Villager (Male) |
| 2:24 | Create | Villager (Male) |
| 2:24 | Create | Villager (Male) |
| 2:53 | Create | Villager (Male) |
| 2:53 | Create | Villager (Male) |
| 3:11 | Create | Villager (Male) |
| 3:11 | Create | Villager (Male) |
| 3:39 | Build | House |
| 3:40 | Build | Palisade Wall |
| 3:51 | Create | Villager (Male) |
| 4:24 | Build | Mill |
| 4:30 | Create | Villager (Male) |
| 4:30 | Create | Villager (Male) |
| 4:33 | Build | Mill |
| 5:20 | Create | Villager (Male) |
| 5:20 | Create | Villager (Male) |
| 6:09 | Build | Mill |
| 6:09 | Create | Villager (Male) |
| 6:17 | Build | Mill |
| 6:26 | Create | Villager (Male) |
| 6:58 | Create | Villager (Male) |
| 7:03 | Research | Loom |
| 7:39 | Build | House |
| 7:46 | Research | Feudal Age |
| 7:47 | Research | Feudal Age |
| 8:34 | Build | House |
| 8:38 | Build | Palisade Wall |
| 9:50 | Create | Villager (Male) |
| 10:00 | Age | Feudal Age |
| 10:01 | Create | Villager (Male) |
| 10:45 | Create | Villager (Male) |
| 10:48 | Build | Barracks |
| 10:53 | Build | Blacksmith |
| 11:11 | Create | Villager (Male) |
| 11:30 | Build | Mining Camp |
| 11:31 | Create | Villager (Male) |
| 11:41 | Research | Double-Bit Axe |
| 11:53 | Create | Villager (Male) |
| 12:09 | Build | Market |
| 12:14 | Build | Palisade Wall |
| 12:35 | Create | Villager (Male) |
| 12:42 | Build | House |
| 12:45 | Research | Town Watch |
| 13:10 | Build | House |
| 13:12 | Build | House |
| 13:16 | Create | Villager (Male) |
| 13:28 | Create | Villager (Male) |
| 13:43 | Build | Farm |
| 13:45 | Build | Farm |
| 14:30 | Research | Castle Age |
| 14:59 | Research | Gold Mining |
| 16:09 | Create | Villager (Male) |
| 16:50 | Build | Palisade Wall |
| 16:59 | Create | Villager (Male) |
| 17:10 | Age | Castle Age |
| 17:42 | Build | Town Center |
| 17:47 | Research | Bow Saw |
| 17:47 | Create | Villager (Male) |
| 18:04 | Build | Siege Workshop |
| 18:10 | Build | Farm |
| 18:11 | Create | Villager (Male) |
| 18:34 | Build | Farm |
| 18:37 | Build | Farm |
| 18:39 | Build | Farm |
| 18:47 | Create | Unit 1962 |
| 18:49 | Build | House |
| 18:50 | Build | House |
| 18:56 | Create | Villager (Male) |
| 19:01 | Create | Unit 1962 |
| 19:01 | Create | Unit 1962 |
| 19:06 | Build | Farm |
| 19:09 | Build | Farm |
| 19:14 | Create | Villager (Male) |
| 19:21 | Build | House |
| 19:31 | Create | Villager (Male) |
| 19:33 | Build | House |
| 19:49 | Build | Farm |
| 20:04 | Build | Monastery |
| 20:05 | Create | Villager (Male) |
| 20:05 | Create | Villager (Male) |
| 20:16 | Create | Unit 1962 |
| 20:16 | Create | Unit 1962 |
| 20:20 | Build | Farm |
| 20:29 | Build | Farm |
| 20:42 | Build | Palisade Wall |
| 20:43 | Build | Palisade Wall |
| 20:45 | Build | Palisade Wall |
| 21:15 | Create | Monk |
| 21:17 | Build | House |
| 21:23 | Create | Unit 1962 |
| 21:27 | Create | Villager (Male) |
| 21:27 | Create | Villager (Male) |
| 21:52 | Build | House |
| 22:03 | Build | Farm |
| 22:09 | Build | Farm |
| 22:09 | Build | Farm |
| 22:16 | Create | Unit 1962 |
| 22:26 | Create | Villager (Male) |
| 22:29 | Build | Farm |
| 22:36 | Create | Unit 1962 |
| 22:37 | Build | House |
| 22:53 | Build | Town Center |
| 23:08 | Create | Villager (Male) |
| 23:08 | Create | Villager (Male) |
| 23:35 | Create | Villager (Male) |
| 23:35 | Create | Villager (Male) |
| 23:35 | Create | Villager (Male) |
| 23:35 | Create | Villager (Male) |
| 23:48 | Create | Villager (Male) |
| 23:48 | Create | Villager (Male) |
| 25:23 | Build | Farm |
| 25:24 | Build | Farm |
| 25:28 | Create | Villager (Male) |
| 25:28 | Create | Villager (Male) |
| 25:47 | Build | House |
| 25:55 | Create | Villager (Male) |
| 25:56 | Create | Villager (Male) |
| 26:08 | Create | Villager (Male) |
| 26:08 | Create | Villager (Male) |
| 26:08 | Create | Villager (Male) |
| 26:11 | Build | Farm |
| 26:12 | Build | Farm |
Build order — SaintedByArmor
First 150 of 159 actions detected
| 0:00 | Create | Villager (Male) |
| 0:00 | Create | Villager (Male) |
| 0:01 | Build | House |
| 0:02 | Build | House |
| 0:25 | Create | Villager (Male) |
| 0:25 | Create | Villager (Male) |
| 1:38 | Create | Villager (Male) |
| 1:56 | Create | Villager (Male) |
| 2:28 | Create | Villager (Male) |
| 2:57 | Create | Villager (Male) |
| 3:19 | Create | Villager (Male) |
| 3:32 | Build | House |
| 3:48 | Create | Villager (Male) |
| 3:57 | Build | Barracks |
| 4:02 | Create | Villager (Male) |
| 4:29 | Create | Villager (Male) |
| 4:43 | Build | House |
| 5:02 | Create | Militia |
| 5:04 | Build | House |
| 5:18 | Build | Mill |
| 5:20 | Create | Villager (Male) |
| 5:21 | Create | Militia |
| 5:22 | Create | Militia |
| 5:47 | Create | Villager (Male) |
| 6:10 | Create | Militia |
| 6:10 | Create | Villager (Male) |
| 6:34 | Create | Villager (Male) |
| 6:35 | Create | Villager (Male) |
| 6:55 | Create | Villager (Male) |
| 7:00 | Build | Lumber Camp |
| 7:07 | Create | Militia |
| 7:11 | Build | House |
| 7:48 | Create | Villager (Male) |
| 7:49 | Create | Villager (Male) |
| 7:49 | Create | Villager (Male) |
| 7:53 | Build | House |
| 8:20 | Create | Villager (Male) |
| 8:39 | Build | Palisade Wall |
| 8:39 | Build | Palisade Wall |
| 8:40 | Build | Palisade Wall |
| 8:40 | Build | Palisade Wall |
| 8:41 | Build | Palisade Wall |
| 8:42 | Build | Palisade Wall |
| 8:44 | Build | Palisade Wall |
| 8:57 | Create | Villager (Male) |
| 9:57 | Create | Villager (Male) |
| 10:00 | Build | Farm |
| 10:13 | Create | Villager (Male) |
| 10:15 | Build | Palisade Wall |
| 10:17 | Build | Palisade Wall |
| 10:47 | Create | Villager (Male) |
| 10:50 | Build | Farm |
| 11:18 | Research | Feudal Age |
| 11:23 | Build | House |
| 11:26 | Build | House |
| 11:28 | Build | House |
| 11:30 | Build | Palisade Wall |
| 11:41 | Build | House |
| 11:43 | Build | House |
| 11:48 | Build | Farm |
| 11:52 | Build | Mining Camp |
| 11:57 | Build | Farm |
| 12:05 | Build | House |
| 12:06 | Build | House |
| 12:12 | Build | Palisade Wall |
| 12:13 | Build | Palisade Wall |
| 12:15 | Build | House |
| 12:19 | Build | Farm |
| 12:23 | Build | Farm |
| 12:33 | Build | House |
| 12:38 | Build | House |
| 13:05 | Create | Villager (Male) |
| 13:06 | Create | Villager (Male) |
| 13:17 | Research | Loom |
| 13:28 | Age | Feudal Age |
| 13:30 | Build | Market |
| 14:05 | Build | Blacksmith |
| 14:08 | Create | Villager (Male) |
| 14:32 | Build | Farm |
| 14:32 | Build | Farm |
| 14:37 | Build | Farm |
| 14:39 | Create | Villager (Male) |
| 14:51 | Build | Farm |
| 15:07 | Build | Farm |
| 15:09 | Create | Villager (Male) |
| 15:19 | Build | Farm |
| 15:31 | Create | Villager (Male) |
| 15:57 | Create | Villager (Male) |
| 16:00 | Build | Farm |
| 16:26 | Build | Farm |
| 16:40 | Research | Castle Age |
| 16:57 | Build | Barracks |
| 17:13 | Research | Double-Bit Axe |
| 17:23 | Research | Horse Collar |
| 17:43 | Build | House |
| 17:52 | Research | Scale Mail Armor |
| 18:03 | Build | House |
| 18:22 | Build | Barracks |
| 18:50 | Create | Villager (Male) |
| 18:50 | Create | Villager (Male) |
| 19:20 | Age | Castle Age |
| 19:21 | Create | Unit 1974 ×5 |
| 19:21 | Create | Unit 1974 ×4 |
| 19:26 | Build | Farm |
| 19:31 | Research | Town Watch |
| 19:48 | Create | Villager (Male) |
| 19:51 | Build | Mining Camp |
| 20:03 | Create | Villager (Male) |
| 20:04 | Create | Unit 1974 |
| 20:20 | Create | Unit 1974 |
| 20:53 | Build | Siege Workshop |
| 20:54 | Create | Unit 1974 |
| 20:54 | Create | Unit 1974 |
| 20:54 | Create | Unit 1974 |
| 21:10 | Create | Villager (Male) |
| 21:18 | Build | House |
| 21:25 | Create | Villager (Male) |
| 21:26 | Create | Unit 1974 |
| 21:26 | Create | Unit 1974 |
| 21:47 | Create | Mangonel |
| 21:54 | Create | Villager (Male) |
| 21:55 | Create | Unit 1974 |
| 21:56 | Create | Unit 1974 |
| 22:17 | Create | Villager (Male) |
| 22:23 | Create | Villager (Male) |
| 22:24 | Create | Unit 1974 |
| 22:43 | Build | Farm |
| 23:04 | Build | Farm |
| 23:05 | Create | Villager (Male) |
| 23:29 | Research | Chain Mail Armor |
| 23:32 | Build | Farm |
| 23:33 | Build | Farm |
| 23:46 | Create | Villager (Male) |
| 23:50 | Create | Unit 1974 |
| 23:59 | Build | House |
| 24:06 | Create | Unit 1974 |
| 24:08 | Build | Farm |
| 24:16 | Create | Villager (Male) |
| 24:17 | Create | Unit 1974 |
| 24:31 | Research | Arson |
| 24:32 | Research | Arson |
| 24:35 | Build | Farm |
| 24:37 | Research | Squires |
| 24:45 | Create | Villager (Male) |
| 24:59 | Create | Villager (Male) |
| 24:59 | Create | Unit 1974 |
| 25:02 | Build | Farm |
| 25:05 | Build | Lumber Camp |
| 25:16 | Create | Villager (Male) |
| 25:17 | Create | Unit 1974 |
Match timeline
| 3:40 | Axolotl-Flöten-Beschwörer · wall_segment Palisade Wall x1 |
| 3:57 | SaintedByArmor · first_building Barracks |
| 8:38 | Axolotl-Flöten-Beschwörer · wall_segment Palisade Wall x4 |
| 8:39 | SaintedByArmor · wall_segment Palisade Wall x5 |
| 8:39 | SaintedByArmor · wall_segment Palisade Wall x1 |
| 8:40 | SaintedByArmor · wall_segment Palisade Wall x1 |
| 8:40 | SaintedByArmor · wall_segment Palisade Wall x1 |
| 8:41 | SaintedByArmor · wall_segment Palisade Wall x1 |
| 8:42 | SaintedByArmor · wall_segment Palisade Wall x1 |
| 8:44 | SaintedByArmor · wall_segment Palisade Wall x3 |
| 10:00 | Axolotl-Flöten-Beschwörer · age_up feudal |
| 10:15 | SaintedByArmor · wall_segment Palisade Wall x1 |
| 10:17 | SaintedByArmor · wall_segment Palisade Wall x9 |
| 10:48 | Axolotl-Flöten-Beschwörer · first_building Barracks |
| 11:30 | SaintedByArmor · wall_segment Palisade Wall x1 |
| 12:12 | SaintedByArmor · wall_segment Palisade Wall x1 |
| 12:13 | SaintedByArmor · wall_segment Palisade Wall x4 |
| 12:14 | Axolotl-Flöten-Beschwörer · wall_segment Palisade Wall x1 |
| 13:19 | Axolotl-Flöten-Beschwörer · first_market_sell 100 stone |
| 13:21 | Axolotl-Flöten-Beschwörer · first_market_buy 100 food |
| 13:28 | SaintedByArmor · age_up feudal |
| 14:45 | SaintedByArmor · first_market_buy 100 food |
| 15:47 | SaintedByArmor · first_market_sell 100 wood |
| 16:50 | Axolotl-Flöten-Beschwörer · wall_segment Palisade Wall x1 |
| 17:10 | Axolotl-Flöten-Beschwörer · age_up castle |
| 18:04 | Axolotl-Flöten-Beschwörer · first_building Siege Workshop |
| 19:20 | SaintedByArmor · age_up castle |
| 20:04 | Axolotl-Flöten-Beschwörer · first_building Monastery |
| 20:42 | Axolotl-Flöten-Beschwörer · wall_segment Palisade Wall x1 |
| 20:43 | Axolotl-Flöten-Beschwörer · wall_segment Palisade Wall x1 |
| 20:45 | Axolotl-Flöten-Beschwörer · wall_segment Palisade Wall x1 |
| 20:53 | SaintedByArmor · first_building Siege Workshop |
| 26:20 | SaintedByArmor · first_building Castle |
| 26:26 | Axolotl-Flöten-Beschwörer · resign |
[ AI ANALYSIS · 1 CREDIT ]
What really happened in this match?
Wolo.gg analyzes every decision: build order, eco, micro, common mistakes by bracket. Personalized analysis on WhatsApp or Discord in 30 seconds.
Civ guide
Shu
Perfil
Jugador #220422